 Dungeon Crawl Stone Soup version 0.30-a0-760-g5a9884bb7c (webtiles) character file.

Game seed: 1539343494962426587

18656 Crownlay the Arsonist (level 12, 0/100 HPs)
             Began as a Hill Orc Fire Elementalist on Feb 11, 2023.
             Was a Priest of Sif Muna.
             Engulfed by a cloud of flame (15 damage)
             ... on level 13 of the Dungeon.
             The game lasted 00:43:23 (17220 turns).

Crownlay the Arsonist (Hill Orc Fire Elementalist) Turns: 17220, Time: 00:43:24

Health: 0/100      AC:  9    Str: 12    XL:     12   Next: 60%
Magic:  14/20      EV: 11    Int: 23    God:    Sif Muna [***...]
Gold:   589        SH:  5    Dex: 11    Spells: 2/19 levels left

rFire   . . .      SeeInvis .    T - +5 trident of the Seven Mouths {flame, rC- rN+++ Will+ Int+4}
rCold   + . .      Faith    .    I - +0 buckler
rNeg    + + +      Spirit   .    y - +3 leather armour "Jicsag Cucs" {rC+ rN+ Regen+}
rPois   .          Reflect  .    P - +0 helmet
rElec   .          Harm     .    K - +0 cloak
rCorr   .          Rampage  .    (no gloves)
Will    +....                    G - +0 pair of boots
Stlth   +                        c - amulet of the acrobat
HPRegen 1.16/turn                F - ring of protection from cold
MPRegen 0.17/turn                R - ring of wizardry

@: about to teleport
A: no striking features
a: Renounce Religion, Channel Magic, Forget Spell


You were on level 13 of the Dungeon.
You worshipped Sif Muna.
Sif Muna was most pleased with you.
You visited 1 branch of the dungeon, and saw 14 of its levels.
You also visited: Sewer and Ice Cave.

You collected 893 gold pieces.
You spent 304 gold pieces at shops.

Inventory:

Hand Weapons
 T - the +5 trident of the Seven Mouths (weapon) {flame, rC- rN+++ Will+ Int+4}
   (You found it on level 10 of the Dungeon)

   Int:       It affects your intelligence (+4).
   rC:        It makes you vulnerable to cold.
   rN:        It renders you almost immune to negative energy.
   Will:      It increases your willpower.
Armour
 y - the +3 leather armour "Jicsag Cucs" (worn) {rC+ rN+ Regen+}
   (You found it on level 5 of the Dungeon)

   rC:        It protects you from cold.
   rN:        It protects you from negative energy.
   Regen:     It increases your rate of health regeneration.
 G - a +0 pair of boots (worn)
 I - a +0 buckler (worn)
 K - a +0 cloak (worn)
 P - a +0 helmet (worn)
Magical Staves
 J - a staff of fire
Jewellery
 c - an amulet of the acrobat (around neck)
 F - a ring of protection from cold (left hand)
 L - a +4 ring of protection
 R - a ring of wizardry (right hand)
 S - a ring of flight
 V - an amulet of faith
Wands
 D - a wand of polymorph (6)
 Q - a wand of charming (10)
Scrolls
 a - a scroll of acquirement {unknown}
 d - a scroll of blinking
 e - a scroll of summoning
 f - 2 scrolls of poison
 g - 2 scrolls of immolation
 k - 4 scrolls of fog
 l - a scroll of amnesia {unknown}
 m - 2 scrolls of noise
 q - a scroll of brand weapon {unknown}
 t - 3 scrolls of vulnerability
 w - 3 scrolls of magic mapping
 x - 6 scrolls of teleportation
 M - a scroll of silence {unknown}
 N - a scroll of torment
Potions
 b - a potion of magic
 h - 3 potions of might
 i - 3 potions of haste
 j - 4 potions of lignification
 o - 3 potions of mutation
 r - 4 potions of brilliance
 s - 2 potions of resistance {unknown}
 u - 3 potions of ambrosia {unknown}
 v - 7 potions of curing {unknown}
 z - a potion of cancellation {unknown}
 A - a potion of experience {unknown}
 B - 3 potions of invisibility {unknown}
 C - 3 potions of flight
 H - 2 potions of berserk rage {unknown}
Miscellaneous
 p - a condenser vane (inert)


   Skills:
 * Level 7.6 Fighting
 - Level 1.5 Dodging
 - Level 1.5 Stealth
 - Level 5.0 Shields
 - Level 4.0 Spellcasting
 - Level 8.0 Conjurations
 + Level 3.0 Summonings
 - Level 8.0 Necromancy
 + Level 12.4 Fire Magic
 - Level 2.9 Earth Magic
 * Level 10.7 Invocations


You had 2 spell levels left.
You knew the following spells:

 Your Spells              Type           Power      Damage    Failure   Level
a - Foxfire               Conj/Fire      100%       2x1d9     1%          1
b - Scorch                Fire           100%       2d10      1%          2
c - Inner Flame           Hex/Fire       33%        N/A       1%          3
d - Fireball              Conj/Fire      25%        3d11      3%          5
e - Starburst             Conj/Fire      25%        6d8       16%         6

Your spell library contained the following spells:

 Spells                   Type           Power      Damage    Failure   Level
 Kiss of Death            Conj/Necr      100%       2d13      1%          1
 Necrotise                Necr           100%       1d9       1%          1
 Shock                    Conj/Air       92%        1d8       1%          1
 Summon Small Mammal      Summ           72%        N/A       1%          1
 Apportation              Tloc           8%         N/A       7%          1
 Flame Wave               Conj/Fire      51%        2d13      1%          4
 Sticky Flame             Conj/Fire      51%        2d7       1%          4
 Dispel Undead            Necr           41%        3d16      2%          4
 Hailstorm                Conj/Ice       23%        3d7       4%          3
 Kindle Blastsparks       Fire/Tloc/Air  46%        2d13      4%          3
 Confusing Touch          Hex            4%         N/A       21%         3
 Swiftness                Air            4%         N/A       21%         3
 Vhi's Electric Charge    Tloc/Air       8%         N/A       21%         3
 Arcjolt                  Conj/Air       11%        1d21      34%         5
 Airstrike                Air            2%         2d(1-17)  52%         4
 Ice Form                 Ice/Tmut       4%         N/A       52%         4
 Simulacrum               Ice/Necr       11%        N/A       87%         6
 Maxwell's Capacitive Co  Air            2%         ∞         100%        8


Dungeon Overview and Level Annotations

Branches:
Dungeon (14/15)            Temple (0/1) D:4            Lair (0/5) D:9
  Sewer (visited)           IceCv (visited)
    Orc: D:9-12      Vaults: D:13-14

Altars:
Ashenzari
Cheibriados
Fedhas
Kikubaaqudgha
Nemelex Xobeh
Ru
Sif Muna
Wu Jian

Shops:
D:3 *   D:4 *   D:5 *?(   D:6 [   D:9 [?=

Annotations:
D:12 Sonja


Message History

The living lightning hits you!
* * * LOW HITPOINT WARNING * * *
The raiju blinks! x2
An orc comes into view. It is wielding a +0 hand axe.
The raiju is engulfed in blazing flames.
The raiju bites you but does no damage.
Two slime creatures merge to form a large slime creature.
An orc priest comes into view. It is wielding a +0 flail.
The orc moves out of view.
A deep elf pyromancer comes into view. It is wielding a +0 short sword.
As you read the scroll of fear, it crumbles to dust.
You assume a fearsome visage.
The centaur warrior looks frightened!
The raiju looks frightened!
The slime creature looks frightened!
The slime creature resists with some effort.
The very large slime creature looks frightened!
The centaur warrior looks frightened!
The deep elf pyromancer looks frightened!
The orc wizard looks frightened!
The orc priest looks frightened!
The large slime creature looks frightened!
You are engulfed in blazing flames.
* * * LOW HITPOINT WARNING * * *
The very large slime creature is engulfed in blazing flames.
Flame seeps out of the very large slime creature.
The centaur warrior gibbers meaninglessly.
The deep elf pyromancer gestures wildly while chanting.
The deep elf pyromancer blinks!
The orc wizard mumbles some strange words.
The orc wizard flickers and vanishes!
Deactivating autopickup; reactivate with Ctrl-A.
The deep elf pyromancer moves out of view.
You feel much better.
You are engulfed in blazing flames.
* * * LOW HITPOINT WARNING * * *
The sentinel's mark upon you fades away.
The very large slime creature's inner flame fades away.
The slime creature is engulfed in blazing flames.
A boulder beetle comes into view.
An orc comes into view. It is wielding a +0 dagger.
As you read the scroll of teleportation, it crumbles to dust.
You feel strangely unstable.
You are engulfed in blazing flames.
You die...

............#
#........c.##
#..........###
#............###
#...........J#J##
#...)....B....>J#
......)......)..#
.##.....[....)§§##
..........o..h.J@#
.........o....§§##
....#.....c..####
./.###......##
..## #.÷<..## ..
#...#### .. ##..#
.. #### ..


You could see a boulder beetle, a very large slime creature (fleeing), a large
slime creature (fleeing), 2 slime creatures, 2 centaur warriors, a raiju
(fleeing) and 2 orcs.

Vanquished Creatures
  A white draconian (IceCv)
  2 two-headed ogres
  A centaur warrior (D:13)
  Erica (D:8)
  A tengu warrior (D:8)
  2 deep elf pyromancers (D:13)
  A cyclops (D:14)
  2 ice statues (IceCv)
  4 rime drakes (IceCv)
  2 gargoyles (D:10)
  A tengu conjurer (D:8)
  2 komodo dragons
  A troll (D:11)
  A hornet (D:8)
  Prince Ribbit (D:5)
  Grinder (D:5)
  A slime creature (D:13)
  Sigmund (D:5)
  25 yaks
  A wraith (D:9)
  3 basilisks
  3 wyverns
  2 steam dragons (D:7)
  A water moccasin (D:5)
  2 acid dragons
  A meliai simulacrum (D:11)
  2 sky beasts
  5 ice beasts
  An ogre (D:5)
  3 orc warriors
  A black bear (D:6)
  6 centaurs
  3 phantoms (D:5)
  2 kobold brigands (Sewer)
  3 necrophages
  6 bullfrogs
  3 scorpions
  2 lindwurm simulacra (IceCv)
  9 killer bees
  4 howler monkeys
  2 electric eels
  5 komodo dragon simulacra (IceCv)
  A gnoll bouda (D:7)
  4 jellies
  Crazy Yiuf (D:6)
  2 orc priests
  4 hounds
  3 iguanas
  5 orc wizards
  3 acid dragon simulacra (IceCv)
  4 gnolls (D:7)
  17 adders
  3 river rats (Sewer)
  2 shadow imps
  5 white imps
  2 ufetubi
  11 steam dragon simulacra (IceCv)
  4 worms
  2 dart slugs (D:1)
  20 orcs
  8 ball pythons
  5 bats
  9 endoplasms
  12 giant cockroaches
  6 goblins
  7 hobgoblins
  9 jackals
  11 kobolds
  3 quokkas
  5 frilled lizards
  5 rats
294 creatures vanquished.

Vanquished Creatures (collateral kills)
  10 foxfires (Sewer)
10 creatures vanquished.

Vanquished Creatures (others)
  1475 foxfires
  14 plants (Sewer)
1489 creatures vanquished.

Grand Total: 1793 creatures vanquished

Notes
Turn   | Place    | Note
-------+----------+-------------------------------------------
     0 | D:1      | Crownlay the Hill Orc Fire Elementalist began the quest for
                  | the Orb.
     0 | D:1      | Reached XP level 1. HP: 14/14 MP: 3/3
   185 | D:1      | Reached XP level 2. HP: 20/20 MP: 0/4
   235 | D:1      | Learned a level 2 spell: Scorch
   273 | D:1      | Reached skill level 4 in Fire Magic
   611 | D:1      | Reached XP level 3. HP: 26/26 MP: 1/5
  1369 | D:2      | Reached skill level 5 in Fire Magic
  1540 | D:2      | Reached XP level 4. HP: 33/33 MP: 0/6
  1832 | D:2      | Learned a level 3 spell: Inner Flame
  2534 | D:2      | Found a faded altar of an unknown god.
  2671 | D:3      | Reached skill level 1 in Necromancy
  2671 | D:3      | Reached XP level 5. HP: 38/38 MP: 4/7
  2857 | D:3      | Reached skill level 6 in Fire Magic
  3064 | D:3      | Found a sparkling altar of Nemelex Xobeh.
  3187 | D:3      | Found Agaygh's Assorted Antiques.
  3235 | D:3      | Bought a yellow potion for 18 gold pieces
  3235 | D:3      | Bought a scroll labelled DYATWY TORASEM for 20 gold pieces
  3343 | D:4      | Found a staircase to the Ecumenical Temple.
  3506 | D:4      | Found Oluj's Serpentskin Sales.
  3546 | D:4      | Found a glowing drain.
  3561 | Sewer    | Entered a sewer
  3834 | Sewer    | Noticed a kobold brigand
  3843 | Sewer    | Killed a kobold brigand
  3844 | Sewer    | Reached XP level 6. HP: 31/45 MP: 2/8
  4106 | Sewer    | Reached skill level 7 in Fire Magic
  4702 | D:4      | Reached skill level 1 in Fighting
  4981 | D:4      | Reached XP level 7. HP: 49/52 MP: 4/9
  5325 | D:4      | Found a sacrificial altar of Ru.
  5456 | D:5      | Entered Level 5 of the Dungeon
  5482 | D:5      | Identified the +3 leather armour "Jicsag Cucs" {rC+ rN+
                  | Regen+}
  5501 | D:5      | Noticed Grinder
  5510 | D:5      | Killed Grinder
  5511 | D:5      | Reached skill level 8 in Fire Magic
  5622 | D:5      | Reached XP level 8. HP: 62/62 MP: 4/11
  5705 | D:5      | Found Ukha's Weapon Shoppe.
  6014 | D:5      | Found Asoi's Magic Scroll Shop.
  6017 | D:5      | Noticed Sigmund
  6026 | D:5      | Killed Sigmund
  6110 | D:5      | Bought a scroll of teleportation for 30 gold pieces
  6110 | D:5      | Bought a scroll of noise for 10 gold pieces
  6110 | D:5      | Bought a scroll of identify for 20 gold pieces
  6110 | D:5      | Bought a scroll of fear for 40 gold pieces
  6219 | D:5      | Noticed Prince Ribbit
  6226 | D:5      | Reached skill level 9 in Fire Magic
  6243 | D:5      | Killed Prince Ribbit
  6453 | D:5      | Reached XP level 9. HP: 71/71 MP: 8/13
  6459 | D:5      | Learned a level 5 spell: Fireball
  6617 | D:5      | Found Giutuag's Assorted Antiques.
  6977 | D:6      | Reached skill level 1 in Shields
  7307 | D:6      | Found Yrat's Antique Armour Shop.
  7312 | D:6      | Identified the +2 spear "Turphiqo" {speed, *Rage Dex+5
                  | Stlth+}
  7345 | D:6      | Reached skill level 5 in Necromancy
  7426 | D:6      | Reached skill level 10 in Fire Magic
  7749 | D:6      | Found a runed translucent door.
  7750 | D:6      | Noticed Crazy Yiuf
  8231 | D:6      | Killed Crazy Yiuf
  8311 | D:5      | Bought a scroll labelled ZYRAOV LIRIS for 27 gold pieces
  8311 | D:5      | Bought a lumpy red potion for 24 gold pieces
  8339 | D:5      | Bought a scroll of identify for 20 gold pieces
  8476 | D:7      | Found an ornate altar of the Wu Jian Council.
  8476 | D:7      | Found a shimmering blue altar of Sif Muna.
  8479 | D:7      | Became a worshipper of Sif Muna the Loreminder
  8511 | D:7      | Found a blossoming altar of Fedhas.
  8755 | D:7      | Reached skill level 1 in Invocations
  9111 | D:7      | Reached XP level 10. HP: 78/78 MP: 7/15
  9406 | D:7      | Noticed a kobold demonologist
  9643 | D:5      | Bought a scroll of torment for 95 gold pieces
  9805 | D:7      | Noticed a gargoyle
  9808 | D:7      | Noticed a two-headed ogre
  9832 | D:7      | Killed a two-headed ogre
  9833 | D:7      | Reached skill level 11 in Fire Magic
  9835 | D:7      | Noticed a smoke demon
  9839 | D:7      | Noticed a sun demon
  9990 | D:7      | Reached skill level 5 in Conjurations
 10075 | D:7      | Identified the +4 rapier of the Pits of Slime {flame, SInv}
 10268 | D:8      | Reached * piety under Sif Muna
 10395 | D:8      | Noticed a tengu warrior
 10404 | D:8      | Killed a tengu warrior
 10827 | D:8      | Noticed Erica
 10848 | D:8      | Killed Erica
 10849 | D:8      | Reached skill level 5 in Shields
 10849 | D:8      | Reached skill level 12 in Fire Magic
 10849 | D:8      | Reached skill level 5 in Invocations
 10849 | D:8      | Reached XP level 11. HP: 49/84 MP: 7/17
 11484 | D:8      | Paralysed by a hornet for 3 turns
 12052 | D:9      | Found Hyruxt's Jewellery Boutique.
 12141 | D:9      | Noticed a two-headed ogre
 12361 | D:9      | Found Qiugoner's Magic Scroll Emporium.
 12373 | D:9      | Killed a two-headed ogre
 12561 | D:9      | Found Biunge's Antique Armour Shoppe.
 12953 | D:9      | Reached ** piety under Sif Muna
 13204 | D:9      | Found a staircase to the Lair.
 13311 | D:10     | Entered Level 10 of the Dungeon
 13550 | D:10     | Reached skill level 1 in Earth Magic
 13714 | D:10     | Found an ancient bone altar of Kikubaaqudgha.
 13717 | D:10     | Found a broken altar of Ashenzari.
 13779 | D:10     | Reached skill level 5 in Fighting
 13783 | D:10     | Found a snail-covered altar of Cheibriados.
 14003 | D:10     | Identified the +5 trident of the Seven Mouths {flame, rC-
                  | rN+++ Will+ Int+4}
 14384 | D:11     | Found a frozen archway.
 14389 | IceCv    | Entered an ice cave
 14460 | IceCv    | Reached skill level 1 in Summonings
 14468 | IceCv    | Reached XP level 12. HP: 94/94 MP: 7/18
 15192 | IceCv    | Reached *** piety under Sif Muna
 15745 | IceCv    | Noticed a white draconian
 15775 | IceCv    | Killed a white draconian
 16494 | D:11     | You fall into a shaft and drop 3 floors!
 16635 | D:14     | Reached skill level 10 in Invocations
 16716 | D:14     | Learned a level 6 spell: Starburst
 16763 | D:13     | Noticed a centaur warrior
 16770 | D:13     | Killed a centaur warrior
 16896 | D:12     | Noticed Sonja
 16899 | D:12     | Noticed a two-headed ogre
 17215 | D:13     | Noticed a centaur warrior
 17216 | D:13     | Noticed a centaur warrior
 17218 | D:13     | HP: 2/100 [cloud of flame (25)]
 17219 | D:13     | Noticed a boulder beetle
 17220 | D:13     | Engulfed by a cloud of flame

Illustrated notes

Levels and vault maps discovered:
D:1:      minmay_arrival_four_houses, layout_rooms
D:2:      layout_basic, dreamdust_ecumenical_altar_hidden_monk_grotto,
          kennysheep_cluttered_room, minmay_strange_pillars, st_stairs_2
D:3:      layout_rooms, lemuel_crystal_altar, serial_shops, shop_fountains
D:4:      layout_loops_ring, marbit_many_paths, minmay_temple_entry_steel_oval,
          portal_sewer_entry_f, guppyfry_shop_venom
D:5:      layout_cave_pools, serial_shops, shop, nicolae_shop_behind_doors,
          nicolae_shop_statue_plus, hangedman_decor_diamond_cutter,
          uniq_sigmund, uniq_prince_ribbit1, uniq_grinder
D:6:      cheibrodos_helix_gallery, layout_basic, serial_shops,
          nicolae_shop_statue_plus, uniq_crazy_yiuf_cottage
D:7:      kennysheep_windowed_halls, layout_loops_ring,
          gammafunk_temple_overflow_elements, fedhas_altar_decomposition
D:8:      layout_gridville, uniq_erica
D:9:      layout_rooms, erik_lair_dragon, serial_shops, nicolae_square_shop,
          kennysheep_mini_moat, nicolae_diamond_shop
D:10:     layout_rooms, mainiacjoe_overflow_alcove_4,
          nicolae_overflow_hidden_temple
D:11:     layout_roguey, serial_ice, serial_ice_m, serial_ice_h, serial_ice_i,
          serial_ice_g, serial_ice_c, serial_ice_f,
          portal_ice_cave_entry_pillars_2
D:12:     layout_basic, orc_0_dummy, nicolae_inconvenience_store, uniq_maurice,
          uniq_urug, uniq_sonja
D:13:     minmay_expanding_circles, layout_cave_pools, david_vaults_5
D:14:     layout_stronghold, serial_shops,
          nicolae_shop_temple_entry_statues_fountains, vehumet_crystals,
          minmay_evil_grid

Skill      XL: |  1  2  3  4  5  6  7  8  9 10 11 12 |
---------------+-------------------------------------+-----
Fire Magic     | 4 5 6 7 8 9 10 12 | 12.4
Necromancy     | 1 2 3 4 5 6 8 |  8.0
Fighting       | 1 2 4 5 7 |  7.6
Spellcasting   | 2 3 4 |  4.0
Conjurations   | 3 4 5 7 8 |  8.0
Shields        | 3 5 |  5.0
Invocations    | 1 5 9 10 | 10.7
Earth Magic    | 1 2 |  2.9
Summonings     | 1 3 |  3.0
Dodging        | |  1.5
Stealth        | |  1.5

Action                     |  1- 3 |  4- 6 |  7- 9 | 10-12 || total
---------------------------+-------+-------+-------+-------++-------
  Melee: Unarmed           |     4 |       |       |       ||     4
         Club              |    17 |       |       |       ||    17
         Dagger            |     8 |    40 |    10 |       ||    58
         Staff             |       |       |    18 |    34 ||    52
         Trident           |       |       |       |     9 ||     9
   Cast: Foxfire           |    69 |   152 |   210 |   432 ||   863
         Scorch            |       |     7 |    34 |    76 ||   117
         Inner Flame       |       |       |       |    22 ||    22
         Fireball          |       |       |       |    19 ||    19
 Invoke: Channel Magic     |       |       |       |     2 ||     2
  Evoke: Wand              |       |       |       |     4 ||     4
         Condenser vane    |       |       |       |     1 ||     1
    Use: Scroll            |       |     5 |     6 |     9 ||    20
         Potion            |       |       |       |     6 ||     6
   Stab: Sleeping          |       |     1 |       |       ||     1
 Armour: Robe              |    12 |    12 |     4 |       ||    28
         Leather armour    |       |       |    18 |    64 ||    82
  Dodge: Dodged            |    28 |    26 |    34 |   125 ||   213
  Block: Buckler           |       |       |     4 |    61 ||    65

Table legend: (Time is in decaauts)
 A = Elapsed time spent in this place.
 B = Non-inter-level travel time spent in this place.
 C = Inter-level travel time spent in this place.
 D = Time resting spent in this place.
 E = Time spent auto-exploring this place.
 F = Levels seen in this place.
 G = Mean time per level.
                   A        B        C        D        E       F      G
               +--------+--------+--------+--------+--------+-----+--------+
         Total |  17401 |  16710 |    691 |    766 |  12557 |  16 | 1087.6 |
       Dungeon |  14279 |  13588 |    691 |    586 |  10194 |  14 | 1019.9 |
         Sewer |   1225 |   1225 |      0 |      0 |   1062 |   1 | 1225.0 |
      Ice Cave |   1895 |   1895 |      0 |    180 |   1300 |   1 | 1895.0 |
               +--------+--------+--------+--------+--------+-----+--------+

Top non-repeatable levels by time:
   IceCv: 1895 daAuts
     D:8: 1813 daAuts
     D:7: 1719 daAuts
     D:2: 1534 daAuts
     D:9: 1489 daAuts
     D:5: 1470 daAuts
     D:6: 1415 daAuts
   Sewer: 1225 daAuts
     D:4: 1153 daAuts
     D:1: 1128 daAuts
    D:10: 894 daAuts
     D:3: 652 daAuts
    D:13: 446 daAuts
    D:11: 280 daAuts
    D:14: 271 daAuts
